 Dungeon Crawl Stone Soup version 0.19-a0-1513-gf6d23ed (webtiles) character file.

383 AlphabetPasta the Cutter (level 7, -1/44 HPs)
             Began as a Kobold Monk on Sept 12, 2016.
             Killed from afar by plsesad's ghost (8 damage)
             ... with a magic dart
             ... on level 4 of the Dungeon.
             The game lasted 00:25:38 (5121 turns).

AlphabetPasta the Cutter (Kobold Monk)              Turns: 5121, Time: 00:25:38

Health: -1/44      AC:  4    Str:  8    XL:     7   Next: 5%
Magic:  2/2        EV: 18    Int: 11    God:
Gold:   180        SH:  0    Dex: 20    Spells: 0 memorised, 6 levels left

rFire  . . .     SeeInvis .     f - +0 short sword (antimagic)
rCold  . . .     Gourm    .     q - +1 robe
rNeg   . . .     Faith    .     (shield restricted)
rPois  .         Spirit   .     (no helmet)
rElec  .         Dismiss  .     e - +0 cloak
rCorr  .         Reflect  .     (no gloves)
MR     .....     Harm     .     (no boots)
Stlth  ++++......               (no amulet)
                                (no ring)
                                (no ring)

@: no status effects
A: carnivore 3
a: no special abilities


You were on level 4 of the Dungeon.
You were full.

You visited 1 branch of the dungeon, and saw 4 of its levels.
You also visited: Sewer.

You collected 180 gold pieces.

Inventory:

Hand Weapons
 a - a +0 dagger
 b - a +0 blowgun
 c - a +0 short sword
 f - a +0 antimagic short sword (weapon)
Missiles
 k - 5 poisoned needles
 n - 25 bolts
Armour
 e - a +0 cloak (worn)
 g - a +0 pair of gloves
 h - a +0 helmet
 q - a +1 robe (worn)
Jewellery
 j - an uncursed amulet of the gourmand
 o - an uncursed ring of fire
Scrolls
 d - a scroll of remove curse
Potions
 i - a potion of agility {unknown}
 m - 2 potions of cure mutation
 t - a potion of flight {unknown}
Comestibles
 l - 2 slices of pizza
 r - 4 meat rations


   Skills:
 + Level 4.8 Fighting
 + Level 6.0 Short Blades
 + Level 5.3 Dodging
 + Level 5.5 Stealth


You had 6 spell levels left.
You didn't know any spells.

Dungeon Overview and Level Annotations

Branches:
Dungeon (4/15)
 Temple: D:4-7

Altars:
The Shining One

Annotations:
D:3 AlphabetPasta's ghost, amateur MiWr
D:4 plsesad's ghost, amateur VSCj


Innate Abilities, Weirdness & Mutations

You are small and have problems with some larger weapons.
You are carnivorous and can eat meat at any time.


Message History

You hit plsesad's ghost but do no damage.
Plsesad's ghost is heavily damaged.
Plsesad's ghost gestures at you while chanting.
The magic dart hits you! Plsesad's ghost hits you.
You see here a pair of gloves.
g - a pair of gloves Plsesad's ghost hits you.
Plsesad's ghost points at you and mumbles some strange words.
The magic dart hits you!
Plsesad's ghost points at you and mumbles some strange words.
The magic dart hits you!
* * * LOW HITPOINT WARNING * * *
You see here a mace.
Plsesad's ghost casts a spell at you. The magic dart hits you!
* * * LOW HITPOINT WARNING * * *
Plsesad's ghost gestures at you while chanting.
The magic dart hits you!
You die...

#...............g..##...g.....
#..##########.############.##.
#..# #####...####### #.##. #..#
#.....#.......# #.##. #..#
#)###W..#####.# #.##.
####..#####.####.## #<# #.##.
...........W.# #.# #.# #....
####.#.####>.###.# ##.## ####.
#...........#@# ###...#######.
####..######.#.#.###...#.........
#.....#### #.#.#.....#...########
#........# #.#)########.## #
#........# #.#.# #.# # #........#
#.#.# #.# # #........# #.#.# #.#
###### ##.......# #.#.# #.#
#..... #...........# #.# #.####


You could see plsesad's ghost.

Vanquished Creatures
  A centaur skeleton (D:4)
  4 orc wizards
  A giant frog skeleton (D:4)
  Terence (D:3)
  A worker ant zombie (D:3)
  4 adders
  2 gnolls
  A river rat (D:4)
  An ooze (D:1)
  A worm (D:3)
  A giant gecko (D:2)
  11 orcs
  A ball python (D:4)
  7 giant cockroaches
  10 goblins
  6 hobgoblins
  5 jackals
  2 quokkas (D:2)
  5 bats
  A giant gecko skeleton (D:4)
  7 giant newts
  8 kobolds
  37 rats
118 creatures vanquished.

Notes
Turn   | Place    | Note
-------+----------+-------------------------------------------
     0 | D:1      | AlphabetPasta the Kobold Monk began the quest for the Orb.
     0 | D:1      | Reached XP level 1. HP: 14/14 MP: 1/1
   431 | D:1      | Reached XP level 2. HP: 17/19 MP: 2/2
   722 | D:2      | Reached XP level 3. HP: 18/23 MP: 3/3
  1097 | D:2      | Reached XP level 4. HP: 29/29 MP: 4/4
  1296 | D:3      | Noticed AlphabetPasta's ghost (amateur MiWr)
  1952 | D:3      | Reached skill level 5 in Short Blades
  2075 | D:3      | Found a glowing golden altar of the Shining One.
  2138 | D:3      | Reached XP level 5. HP: 28/33 MP: 5/5
  2225 | D:3      | Noticed Terence
  2232 | D:3      | Killed Terence
  2390 | D:3      | Reached XP level 6. HP: 21/39 MP: 6/6
  2393 | D:3      | Reached skill level 5 in Dodging
  3066 | D:4      | Reached skill level 5 in Stealth
  3260 | D:4      | Noticed plsesad's ghost (amateur VSCj)
  3300 | D:4      | Found a glowing drain.
  3325 | Sewer    | Entered a sewer
  3578 | Sewer    | Noticed Purgy
  4616 | D:4      | Noticed a phantom
  4955 | D:4      | Reached skill level 6 in Short Blades
  4955 | D:4      | Reached XP level 7. HP: 34/44 MP: 2/7
  5121 | D:4      | Killed from afar by plsesad's ghost

Vault maps used:
D:1:      lemuel_arrival_rhombus, nrook_mini_vaults
D:2:      minivault_14, minmay_tiny_reverse_x
D:3:      nicolae_tso_swordbearing_angel, minmay_rats_cheesy_pizza, uniq_terence
D:4:      portal_sewer_entry_a
Sewer:    sewer_the_crocodile

Skill      XL: |  1  2  3  4  5  6 |
---------------+-------------------+-----
Stealth        | 3 4 5 |  5.5
Dodging        | 4 5 |  5.3
Fighting       | 4 |  4.8
Short Blades   | 5 6 |  6.0

Action                   |  1- 3 |  4- 6 |  7- 9 || total
-------------------------+-------+-------+-------++-------
Melee: Short sword       |   120 |   387 |    23 ||   530
       Dagger            |       |    53 |       ||    53
 Fire: Blowgun           |       |    21 |       ||    21
  Use: Scroll            |       |    12 |       ||    12
       Potion            |       |     2 |       ||     2
 Stab: Sleeping          |    10 |    10 |       ||    20
       Distracted        |       |     1 |       ||     1
  Eat: Chunk             |     9 |    11 |       ||    20
Armor: Robe              |    15 |    50 |     4 ||    69
Dodge: Dodged            |    85 |   331 |     9 ||   425
